 Dungeon Crawl Stone Soup version 0.22.1-6-g1668fe2c40 (webtiles) character file.

1369 Kohma the Spear-Bearer (level 8, -11/61 HPs)
             Began as a Merfolk Gladiator on Jan 24, 2019.
             Was a Follower of Qazlal.
             Mangled by an orc warrior
             ... wielding a +0 morningstar
              (17 damage)
             ... on level 6 of the Dungeon.
             The game lasted 00:18:15 (6745 turns).

Kohma the Spear-Bearer (Merfolk Gladiator)          Turns: 6745, Time: 00:18:15

Health: -11/61     AC: 12    Str: 16    XL:     8   Next: 65%
Magic:  10/10      EV: 14    Int:  8    God:    Qazlal [*.....]
Gold:   107        SH:  1    Dex: 15    Spells: 3/7 levels left

rFire    . . .     SeeInvis .   a - +1 trident
rCold    . . .     Gourm    .   (no shield)
rNeg     . . .     Faith    .   m - +3 leather armour {rPois}
rPois    +         Spirit   .   c - +0 helmet
rElec    .         Reflect  .   (no cloak)
rCorr    .         Harm     .   g - +2 pair of gloves
MR       .....                  (no boots)
Stlth    ++........             h - amulet of the acrobat
HPRegen  0.20/turn              A - ring of stealth
MPRegen  0.12/turn              w - +2 ring of protection

@: about to teleport, heavily drained
A: change form in water, swift swim, stealthy swim
a: Renounce Religion


You were on level 6 of the Dungeon.
You worshipped Qazlal.
Qazlal was aware of your devotion.
You were not hungry.

You visited 1 branch of the dungeon, and saw 6 of its levels.

You collected 401 gold pieces.
You spent 294 gold pieces at shops.

Inventory:

Hand Weapons
 a - a +1 trident (weapon)
Missiles
 d - 4 throwing nets (quivered)
 e - 167 stones
 j - 6 javelins of penetration
Armour
 c - a +0 helmet (worn)
 g - a +2 pair of gloves (worn)
 m - a +3 leather armour of poison resistance (worn)
Jewellery
 h - an amulet of the acrobat (around neck)
 w - a +2 ring of protection (right hand)
 A - a ring of stealth (left hand)
Scrolls
 i - a scroll of fog
 r - a scroll of amnesia
 t - a scroll of enchant armour
 y - 3 scrolls of remove curse
Potions
 b - a potion of magic
 l - a potion of curing {unknown}
 n - a potion of invisibility {unknown}
 o - a potion of mutation {unknown}
 q - a potion of degeneration {unknown}
 s - 2 potions of cancellation
 u - 2 potions of agility
 v - a potion of might {unknown}
Comestibles
 f - 9 rations


   Skills:
 + Level 4.9(2.7) Fighting
 * Level 10.9(8.2) Polearms
 - Level 2.0(0.0) Throwing
 - Level 1.5(0.0) Armour
 + Level 6.7(4.4) Dodging
 - Level 0.9(0.0) Stealth
 + Level 3.8(1.6) Invocations


You had 3 spell levels left.
You knew the following spells:

 Your Spells              Type           Power        Failure   Level  Hunger
a - Summon Lightning Spi  Summ/Air       #.......     99%         4    #####..

Your spell library contained the following spells:

 Spells                   Type           Power        Failure   Level  Hunger
 Beastly Appendage        Tmut           #.....       47%         1    ##.....
 Magic Dart               Conj           #...         47%         1    ##.....
 Summon Small Mammal      Summ           #...         47%         1    ##.....
 Blink                    Tloc           N/A          63%         2    ###....
 Call Imp                 Summ           #.......     63%         2    ###....
 Passwall                 Tmut/Erth      #.......     63%         2    ###....
 Slow                     Hex            #.......     63%         2    ###....
 Call Canine Familiar     Summ           #.......     85%         3    ####...
 Conjure Flame            Conj/Fire      #.......     85%         3    ####...
 Mephitic Cloud           Conj/Pois/Air  #.......     85%         3    ####...
 Stone Arrow              Conj/Erth      #.....       85%         3    ####...
 Summon Guardian Golem    Hex/Summ       #.......     85%         3    ####...
 Ice Form                 Ice/Tmut       #.......     99%         4    #####..
 Petrify                  Tmut/Erth      #.......     99%         4    #####..
 Summon Ice Beast         Ice/Summ       #.......     99%         4    #####..
 Alistair's Intoxication  Tmut/Pois      #.......     100%        5    ######.


Dungeon Overview and Level Annotations

Branches:
Dungeon (6/15)
 Temple: D:4-7

Altars:
Ashenzari
Qazlal

Shops:
D:4 [   D:6 !

Annotations:
D:4 3 runed doors, exclusion: 3 doors, Dickchan's ghost, amateur OgWz; Elizilla's ghost, amateur TrMo; Fascinator's ghost, novice FoFi; H0rd4k's ghost, amateur HuAr


Message History

You barely miss the crimson imp. The orc warrior closely misses you.
The crimson imp barely misses you.
You miss the crimson imp. The orc warrior closely misses you.
The crimson imp misses you.
You hit the crimson imp.
The crimson imp is lightly wounded.
The orc warrior barely misses you.
The crimson imp hits you but does no damage.
You barely miss the crimson imp.
The crimson imp is lightly wounded.
The crimson imp hits you.
You puncture the crimson imp!
The crimson imp is severely wounded.
The orc warrior hits you with a morningstar!
* * * LOW HITPOINT WARNING * * *
Okay, then.
As you read the scroll of teleportation, it crumbles to dust.
You feel strangely unstable. The crimson imp closely misses you.
The orc warrior hits you with a morningstar!
You die...

#.#.# ######### #.#$#
#...<...###...# #
#..........#.##.#
#.......##..∩.).#
#.......####.####
#..........#.{#
#..>.....#.##o# .....
#........#.##@#####.....
#........#.##.5.......#
######.#.#.##.........#
#.#.#.##.........# #.#
#.##.........# #.#
#.##.........# #.#
#.##.........#
#.###.##.........#####
#.......<............#


You could see an orc warrior and a crimson imp.

Vanquished Creatures
  Edmund (D:6)
  2 sky beasts
  2 ogres
  3 centaurs
  A scorpion (D:4)
  A howler monkey (D:5)
  A quasit (D:6)
  A bullfrog zombie (D:5)
  3 hounds (D:4)
  3 jellies
  An orc priest (D:4)
  An iguana (D:5)
  An orc wizard (D:4)
  3 worker ants
  5 gnolls
  6 adders
  An adder skeleton (D:4)
  A worm (D:6)
  2 dart slugs
  A leopard gecko (D:6)
  9 orcs
  5 bats
  A giant cockroach (D:3)
  3 goblins (D:1)
  5 hobgoblins (D:1)
  7 jackals (D:4)
  2 kobolds (D:1)
  2 quokkas (D:6)
  3 ball pythons
  2 frilled lizards
  A leopard gecko zombie (D:5)
  A quokka skeleton (D:4)
  3 rats (D:1)
  2 plants (D:5)
86 creatures vanquished.

Notes
Turn   | Place    | Note
-------+----------+-------------------------------------------
     0 | D:1      | Kohma the Merfolk Gladiator began the quest for the Orb.
     0 | D:1      | Reached XP level 1. HP: 16/16 MP: 1/1
   101 | D:1      | Reached skill level 5 in Polearms
   101 | D:1      | Reached XP level 2. HP: 22/22 MP: 2/2
   257 | D:1      | Reached XP level 3. HP: 27/28 MP: 3/3
   616 | D:2      | Reached skill level 6 in Polearms
   693 | D:2      | Found a shattered altar of Ashenzari.
   889 | D:2      | Reached XP level 4. HP: 15/34 MP: 4/4
  2226 | D:3      | Reached skill level 7 in Polearms
  2325 | D:3      | Found a stormy altar of Qazlal.
  2477 | D:3      | Noticed a centaur
  2489 | D:3      | Killed a centaur
  2489 | D:3      | Reached skill level 1 in Armour
  2489 | D:3      | Reached XP level 5. HP: 2/39 MP: 5/5
  2968 | D:4      | Reached XP level 6. HP: 40/46 MP: 6/6
  3170 | D:3      | Became a worshipper of Qazlal Stormbringer
  3214 | D:4      | Reached skill level 8 in Polearms
  3663 | D:4      | Noticed a sky beast
  3685 | D:4      | Killed a sky beast
  3685 | D:4      | Reached skill level 5 in Dodging
  3685 | D:4      | Reached skill level 1 in Invocations
  3890 | D:4      | Found Geanijeatopn's Armour Shoppe.
  3980 | D:4      | Found a runed gate.
  3981 | D:4      | Found a runed gate.
  3981 | D:4      | Found a runed gate.
  3981 | D:4      | Noticed Fascinator's ghost (novice FoFi)
  3981 | D:4      | Noticed H0rd4k's ghost (amateur HuAr)
  3983 | D:4      | Noticed Dickchan's ghost (amateur OgWz)
  3986 | D:4      | Noticed Elizilla's ghost (amateur TrMo)
  4042 | D:4      | Reached XP level 7. HP: 51/52 MP: 6/8
  4131 | D:4      | Reached skill level 9 in Polearms
  4481 | D:5      | Entered Level 5 of the Dungeon
  5442 | D:5      | Reached skill level 10 in Polearms
  5442 | D:5      | Reached XP level 8. HP: 60/60 MP: 10/10
  5475 | D:5      | Learned a level 4 spell: Summon Lightning Spire
  5514 | D:5      | Reached * piety under Qazlal
  6214 | D:6      | Identified the Tome of Mutagenic Earth
  6341 | D:6      | Noticed Edmund
  6373 | D:6      | Killed Edmund
  6618 | D:4      | Bought a +3 leather armour of poison resistance for 294
                  | gold pieces
  6702 | D:6      | Found Unuestri's Distillery.
  6745 | D:6      | Mangled by an orc warrior

Skill      XL: |  1  2  3  4  5  6  7  8 |
---------------+-------------------------+-----
Polearms       | 5 6 7 8 10 | 10.9
Armour         | 1 |  1.5
Fighting       | 3 4 |  4.9
Dodging        | 5 6 |  6.7
Invocations    | 1 2 3 |  3.8
Throwing       | |  2.0
Stealth        | |  0.9

Action                   |  1- 3 |  4- 6 |  7- 9 || total
-------------------------+-------+-------+-------++-------
Melee: Trident           |    82 |   154 |   284 ||   520
       Tailslap          |       |       |     8 ||     8
  Use: Scroll            |       |    13 |     4 ||    17
 Stab: Sleeping          |     1 |     3 |     1 ||     5
  Eat: Chunk             |       |     5 |       ||     5
       Ration            |       |     2 |     2 ||     4
Armor: Leather armour    |     3 |       |     6 ||     9
       Ring mail         |    22 |    54 |    52 ||   128
Dodge: Dodged            |    55 |   102 |   153 ||   310
Block: Other             |       |       |     3 ||     3
